 Dungeon Crawl Stone Soup version 0.31.0-32-g396128a36d (webtiles) character file.

Game seed: 16620082404401687590

265 unlimited1921 the Firebug (level 6, 0/44 HPs)
             Began as a Gnoll Fire Elementalist on Apr 8, 2024.
             Slain by a hound (3 damage)
             ... on level 6 of the Dungeon.
             The game lasted 00:11:53 (9139 turns).

unlimited1921 the Firebug (Gnoll Fire Elementalist) Turns: 9139, Time: 00:11:54

Health: 0/44       AC:  3    Str:  8    XL:     6   Next: 20%
Magic:  3/14       EV: 13    Int: 16    God:
Gold:   68         SH:  0    Dex: 12    Spells: 9/15 levels left

rFire   . . .        r - +2 mace (protect)
rCold   . . .        (no shield)
rNeg    . . .        a - +0 robe
rPois   .            (no helmet)
rElec   .            u - +0 cloak
rCorr   .            (no gloves)
SInv    .            (no boots)
Will    .....        (no amulet)
Stlth   +++          (no ring)
HPRegen 0.27/turn    (no ring)
MPRegen 0.14/turn

%: no passive effects
@: no status effects
A: fangs 1, strong nose, distributed training
a: no special abilities


You were on level 6 of the Dungeon.
You visited 1 branch of the dungeon, and saw 4 of its levels.

You collected 68 gold pieces.

Inventory:

Hand Weapons
 k - a +0 dagger of speed
 r - a +2 mace of protection (weapon)
 t - a +4 quarterstaff of chaos
Armour
 a - a +0 robe (worn)
 h - a +0 chain mail
 i - a +0 ring mail
 s - a +0 scale mail
 u - a +0 cloak (worn)
Magical Staves
 e - a staff of alchemy
Jewellery
 v - an amulet of regeneration
Wands
 p - a wand of mindburst (15)
 q - a wand of polymorph (12)
Scrolls
 d - a scroll of teleportation {unknown}
 f - a scroll of vulnerability {unknown}
 g - a scroll of immolation {unknown}
 j - a scroll of blinking {unknown}
 l - 3 scrolls of identify {unknown}
 m - a scroll of amnesia {unknown}
 o - a scroll of torment {unknown}
Potions
 b - 2 potions of magic
 c - 2 potions of cancellation {unknown}
 n - a potion of lignification {unknown}
 w - a potion of berserk rage {unknown}


   Skills:
 + Level 1.9 Fighting
 + Level 1.9 Short Blades
 + Level 1.9 Long Blades
 + Level 1.9 Axes
 + Level 1.9 Maces & Flails
 + Level 1.9 Polearms
 + Level 1.9 Staves
 + Level 1.9 Ranged Weapons
 + Level 1.9 Throwing
 + Level 1.9 Armour
 + Level 5.0 Dodging
 + Level 4.6 Stealth
 + Level 1.9 Shields
 + Level 1.9 Unarmed Combat
 + Level 5.3 Spellcasting
 + Level 2.6 Conjurations
 + Level 1.5 Hexes
 + Level 1.5 Summonings
 + Level 1.5 Necromancy
 + Level 1.5 Translocations
 + Level 5.6 Fire Magic
 + Level 1.5 Ice Magic
 + Level 1.5 Air Magic
 + Level 1.5 Earth Magic
 + Level 1.5 Alchemy
 + Level 2.1 Invocations
 + Level 1.9 Evocations
 + Level 1.7 Shapeshifting


You had 9 spell levels left.
You knew the following spells:

 Your Spells              Type           Power      Damage    Failure   Level
a - Foxfire               Conj/Fire      68%        2x1d7     2%          1
b - Scorch                Fire           44%        2d6       2%          2
c - Inner Flame           Hex/Fire       15%        N/A       10%         3

Your spell library contained the following spells:

 Spells                   Type           Power      Damage    Failure   Level
 Slow                     Hex            36%        N/A       8%          1
 Volatile Blastmotes      Fire/Tloc      30%        2d12      10%         3
 Confusing Touch          Hex            9%         N/A       24%         3
 Ozocubu's Armour         Ice            9%         N/A       24%         3
 Sigil of Binding         Hex            9%         N/A       24%         3
 Vampiric Draining        Necr           9%         2d6       24%         3
 Flame Wave               Conj/Fire      17%        2d7       26%         4
 Metabolic Englaciation   Hex/Ice        4%         N/A       91%         5
 Sculpt Simulacrum        Ice/Alch       4%         N/A       100%        6


Dungeon Overview and Level Annotations

Branches:
Dungeon (3/15)

Altars:
Vehumet


Innate Abilities, Weirdness & Mutations

You have very sharp teeth.
Your uncanny sense of smell can sniff out nearby items.
Your experience applies equally to all skills.


Message History

Your weapon exudes an aura of protection.
You bite the orc, but do no damage.
The orc is moderately wounded.
The hound bites you but does no damage. The hound attacks as it pursues you!
The hound closely misses you. The orc barely misses you.
The orc priest hits you but does no damage.
The hound closely misses you.
You barely miss the orc priest.
The orc priest is moderately wounded.
The hound closely misses you. The orc barely misses you.
The orc priest closely misses you. The hound closely misses you.
You closely miss the orc priest. Your bite misses the orc priest.
The orc priest is moderately wounded.
The hound bites you. The orc hits you with a +0 mace.
* * * LOW HITPOINT WARNING * * *
The orc priest hits you but does no damage.
The hound closely misses you.
The orc priest hits you but does no damage.
The orc hits you with a +0 mace.
* * * LOW HITPOINT WARNING * * *
The orc priest looks braver for a moment.
The hound attacks as it pursues you! The hound bites you.
* * * LOW HITPOINT WARNING * * *
The hound bites you.
* * * LOW HITPOINT WARNING * * *
The hound attacks as it pursues you! The hound bites you but does no damage.
The hound bites you but does no damage.
The orc priest calls upon Beogh to heal the orc.
The orc's wounds heal themselves!
There is an open door here.
The hound bites you.
* * * LOW HITPOINT WARNING * * *
The hound closely misses you. The hound attacks as it pursues you!
The hound completely misses you. The hound attacks as it pursues you!
The hound barely misses you. The hound bites you but does no damage.
The hound attacks as it pursues you! The hound completely misses you.
The hound bites you.
You die...

#.........#
#.........#####
............o...#
###.........###.#
######....###.#
+....+.o.+
#....###o# #....#
#h# ∆ #....# #@#
∆∆ #....# #.# #.#
#.# #.# #.# #.#
#####.#####.
#............


You could see a hound, an orc priest and an orc.

Vanquished Creatures
  Crazy Yiuf (D:2)
  A hound (D:6)
  Terence (D:2)
  2 orc wizards (D:6)
  A gnoll (D:1)
  5 adders (D:2)
  2 adder zombies (D:2)
  2 dart slugs
  4 orcs
  2 ball pythons (D:2)
  6 bats
  A bat zombie (D:2)
  5 endoplasms
  A giant cockroach (D:1)
  3 hobgoblins
  3 jackals (D:3)
  8 kobolds
  2 quokkas (D:2)
  3 ball python skeletons (D:2)
  A ball python zombie (D:2)
  A frilled lizard (D:1)
  A giant cockroach zombie (D:2)
  6 goblins
  A jackal skeleton (D:2)
  2 quokka skeletons (D:2)
  3 rats
68 creatures vanquished.

Vanquished Creatures (others)
  274 foxfires
274 creatures vanquished.

Grand Total: 342 creatures vanquished

Notes
Turn   | Place    | Note
-------+----------+-------------------------------------------
     0 | D:1      | unlimited1921 the Gnoll Fire Elementalist began the quest
                  | for the Orb.
     0 | D:1      | Reached XP level 1. HP: 13/13 MP: 6/6
   380 | D:1      | Reached XP level 2. HP: 7/20 MP: 1/7
  1665 | D:1      | Learned a level 2 spell: Scorch
  1825 | D:1      | Reached skill level 5 in Spellcasting
  1825 | D:1      | Reached XP level 3. HP: 25/25 MP: 2/9
  2685 | D:2      | Reached skill level 1 in Invocations
  3156 | D:2      | Learned a level 3 spell: Inner Flame
  3572 | D:2      | Reached skill level 1 in Fighting
  3572 | D:2      | Reached skill level 1 in Short Blades
  3572 | D:2      | Reached skill level 1 in Long Blades
  3572 | D:2      | Reached skill level 1 in Axes
  3572 | D:2      | Reached skill level 1 in Maces & Flails
  3572 | D:2      | Reached skill level 1 in Polearms
  3572 | D:2      | Reached skill level 1 in Staves
  3572 | D:2      | Reached skill level 1 in Ranged Weapons
  3572 | D:2      | Reached skill level 1 in Throwing
  3572 | D:2      | Reached skill level 1 in Armour
  3572 | D:2      | Reached skill level 1 in Shields
  3572 | D:2      | Reached skill level 1 in Unarmed Combat
  3572 | D:2      | Reached skill level 1 in Evocations
  4782 | D:2      | Reached skill level 1 in Shapeshifting
  4782 | D:2      | Reached XP level 4. HP: 32/32 MP: 6/11
  5568 | D:2      | Reached skill level 1 in Hexes
  5568 | D:2      | Reached skill level 1 in Summonings
  5568 | D:2      | Reached skill level 1 in Necromancy
  5568 | D:2      | Reached skill level 1 in Translocations
  5568 | D:2      | Reached skill level 1 in Ice Magic
  5568 | D:2      | Reached skill level 1 in Air Magic
  5568 | D:2      | Reached skill level 1 in Earth Magic
  5568 | D:2      | Reached skill level 1 in Alchemy
  6254 | D:2      | Noticed Terence
  6268 | D:2      | Killed Terence
  6269 | D:2      | Reached XP level 5. HP: 18/37 MP: 0/12
  6889 | D:2      | Found a runed translucent door.
  6890 | D:2      | Noticed Crazy Yiuf
  6897 | D:2      | Killed Crazy Yiuf
  8472 | D:3      | Found a radiant altar of Vehumet.
  9076 | D:3      | You fall into a shaft and drop 3 floors!
  9089 | D:6      | Reached XP level 6. HP: 33/44 MP: 5/14
  9094 | D:6      | Reached skill level 5 in Dodging
  9129 | D:6      | HP: 2/44 [hound (4)]
  9139 | D:6      | Slain by a hound

Illustrated notes

Levels and vault maps discovered:
D:1:      lightli_arrival_isolated_outpost, layout_basic, hangedman_decor_points
D:2:      layout_loops_ring, serial_undead, serial_undead_d, serial_undead_a,
          serial_undead_b, serial_undead_a, serial_undead_c, serial_undead_d,
          serial_undead_e, serial_undead_f, serial_undead_b, serial_undead_a,
          uniq_terence, uniq_crazy_yiuf_cottage
D:3:      layout_basic, nicolae_uskayaw_en_pointe, nicolae_vehumet_altar_sigil,
          shapermc_ecumenical_altar_petra
D:6:      layout_basic, dreamdust_wishing_well, chequers_serial_rivers_micro_e

Skill      XL: |  1  2  3  4  5  6 |
---------------+-------------------+-----
Conjurations   | 2 |  2.6
Spellcasting   | 5 |  5.3
Invocations    | 1 2 |  2.1
Fighting       | 1 |  1.9
Short Blades   | 1 |  1.9
Long Blades    | 1 |  1.9
Axes           | 1 |  1.9
Maces & Flails | 1 |  1.9
Polearms       | 1 |  1.9
Staves         | 1 |  1.9
Ranged Weapons | 1 |  1.9
Throwing       | 1 |  1.9
Armour         | 1 |  1.9
Shields        | 1 |  1.9
Unarmed Combat | 1 |  1.9
Evocations     | 1 |  1.9
Shapeshifting  | 1 |  1.7
Hexes          | 1 |  1.5
Summonings     | 1 |  1.5
Necromancy     | 1 |  1.5
Translocations | 1 |  1.5
Ice Magic      | 1 |  1.5
Air Magic      | 1 |  1.5
Earth Magic    | 1 |  1.5
Alchemy        | 1 |  1.5
Dodging        | 5 |  5.0
Stealth        | |  4.6
Fire Magic     | |  5.6

Action                     |  1- 3 |  4- 6 || total
---------------------------+-------+-------++-------
  Melee: Mace              |     7 |    14 ||    21
         Bite              |     1 |     3 ||     4
   Cast: Foxfire           |    95 |    67 ||   162
         Scorch            |     3 |    22 ||    25
 Armour: Robe              |     7 |    36 ||    43
  Dodge: Dodged            |    13 |    38 ||    51
